General information
- name: BNet
- type: Ladder team game (AT/RT)
- host: Battle.net
- saver: s4s
map: Deadlands
- players: 8
- length: 47:28
- speed: Fast
- version: 1.26 W3XP
- replay type: Public
» download(288 KB)
Players
team 1 (winner)

»
kanggangn (
yellow | 120 APM | 3556 actions | 29:40)
9 Warden
3 Shadow Strike
3 Fan of Knives
1 Spirit of Vengeance
2 Blink
» actions
| Assign group hotkey | 9 | |
| Basic commands | 257 | |
| Build / train | 111 | |
| ESC pressed | 2 | |
| Enter build submenu | 22 | |
| Enter hero's abilities submenu | 9 | |
| Give item / drop item | 2 | |
| Right click | 885 | |
| Select / deselect | 926 | |
| Select group hotkey | 1236 | |
| Use ability | 97 | |
3556 total
» units
| Wisp | 17 | |
| Archer | 17 | |
| Druid of the Talon | 5 | |
| Chimaera | 9 | |
| Hippogryph | 19 | |
67 total
» upgrades
| Improved Bows | 1 | |
| Druid of the Talon Training | 2 | |
| Ultravision | 1 | |
| Strength of the Wild | 2 | |
| Strength of the Moon | 1 | |
| Nature's Blessing | 1 | |
| Corrosive Breath | 1 | |
| Reinforced Hides | 1 | |
10 total
» buildings
| Moon Well | 7 | |
| Altar of Elders | 1 | |
| Ancient of War | 1 | |
| Ancient of Wonders | 1 | |
| Tree of Ages | 3 | |
| Hunter's Hall | 1 | |
| Ancient Protector | 4 | |
| Ancient of Wind | 2 | |
| Tree of Eternity | 1 | |
| Chimaera Roost | 2 | |
| Tree of Life | 2 | |
25 total
» build order
00:36 Moon Well
00:42 Altar of Elders
01:00 Ancient of War
01:16 Ancient of Wonders
02:00 Moon Well
02:18 Moon Well
03:43 Tree of Ages
03:43 Tree of Ages
04:20 Hunter's Hall
06:19 Ancient Protector
06:22 Ancient Protector
06:49 Moon Well
06:50 Moon Well
07:10 Ancient of Wind
09:19 Ancient Protector
09:36 Tree of Eternity
12:31 Chimaera Roost
12:36 Chimaera Roost
13:03 Ancient Protector
13:49 Tree of Life
15:09 Moon Well
15:11 Moon Well
18:34 Tree of Life
24:40 Ancient of Wind
» items
| Circlet of Nobility | 1 | |
| Boots of Speed | 1 | |
| Orb of Venom | 1 | |
| Scroll of Town Portal | 2 | |
| Scroll of Regeneration | 1 | |
| Potion of Healing | 1 | |
7 total
s4s (
pink | 66 APM | 3153 actions | 47:28)
10 Archmage
3 Summon Water Elemental
3 Brilliance Aura
1 Mass Teleport
3 Blizzard
» actions
| Assign group hotkey | 80 | |
| Basic commands | 112 | |
| Build / train | 180 | |
| ESC pressed | 1 | |
| Enter build submenu | 58 | |
| Enter hero's abilities submenu | 10 | |
| Give item / drop item | 8 | |
| Right click | 1251 | |
| Select / deselect | 424 | |
| Select group hotkey | 795 | |
| Use ability | 234 | |
3153 total
» units
| Peasant | 16 | |
| Footman | 7 | |
| Goblin Shredder | 4 | |
| Sorceress | 1 | |
| Gryphon Rider | 9 | |
| Goblin Sapper | 3 | |
| Goblin Zeppelin | 2 | |
| Knight | 1 | |
43 total
» upgrades
| Swords | 3 | |
| Armor | 3 | |
| Masonry | 3 | |
| Sorceress Training | 2 | |
| Animal War Training | 1 | |
| Storm Hammers | 1 | |
| Cloud | 1 | |
| Plating | 2 | |
| Gunpowder | 2 | |
| Backpack | 1 | |
| Lumber Harvesting | 2 | |
| Long Rifles | 1 | |
| Defend | 1 | |
| Priest Training | 2 | |
| Control Magic | 1 | |
26 total
» buildings
| Altar of Kings | 1 | |
| Barracks | 2 | |
| Farm | 5 | |
| Arcane Vault | 1 | |
| Blacksmith | 1 | |
| Keep | 3 | |
| Town Hall | 6 | |
| Scout Tower | 38 | |
| Castle | 1 | |
| Lumber Mill | 1 | |
| Arcane Sanctum | 1 | |
| Gryphon Aviary | 5 | |
| Guard Tower | 55 | |
120 total
» build order
00:50 Altar of Kings
00:54 Barracks
00:55 Farm
00:58 Barracks
01:11 Farm
01:25 Farm
01:54 Arcane Vault
02:16 Farm
02:29 Blacksmith
04:12 Farm
04:37 Keep
04:38 Keep
06:19 Town Hall
06:25 Scout Tower
06:26 Scout Tower
06:27 Scout Tower
07:11 Castle
07:30 Lumber Mill
08:01 Arcane Sanctum
08:36 Gryphon Aviary
08:37 Gryphon Aviary
08:43 Guard Tower
08:43 Guard Tower
08:46 Gryphon Aviary
08:47 Scout Tower
08:48 Scout Tower
08:48 Scout Tower
08:49 Scout Tower
08:50 Scout Tower
09:18 Guard Tower
09:18 Guard Tower
09:19 Guard Tower
09:19 Guard Tower
09:20 Guard Tower
09:20 Guard Tower
11:15 Scout Tower
11:16 Scout Tower
11:26 Scout Tower
11:33 Scout Tower
11:34 Scout Tower
11:34 Scout Tower
11:54 Guard Tower
11:54 Guard Tower
11:55 Guard Tower
11:56 Guard Tower
13:12 Guard Tower
13:12 Guard Tower
13:12 Guard Tower
13:14 Scout Tower
13:16 Scout Tower
13:20 Scout Tower
14:28 Guard Tower
14:41 Gryphon Aviary
14:43 Gryphon Aviary
17:39 Guard Tower
17:39 Guard Tower
17:52 Town Hall
17:55 Scout Tower
17:55 Scout Tower
17:57 Scout Tower
17:58 Scout Tower
18:00 Town Hall
18:01 Scout Tower
18:03 Scout Tower
18:04 Scout Tower
18:05 Scout Tower
18:05 Scout Tower
18:08 Scout Tower
18:10 Scout Tower
18:12 Scout Tower
18:34 Guard Tower
18:34 Guard Tower
18:35 Guard Tower
18:54 Guard Tower
18:55 Guard Tower
18:55 Guard Tower
19:57 Guard Tower
21:51 Town Hall
25:06 Scout Tower
25:07 Scout Tower
25:30 Scout Tower
25:31 Scout Tower
25:32 Scout Tower
25:34 Scout Tower
25:35 Scout Tower
25:37 Scout Tower
25:42 Guard Tower
25:42 Guard Tower
26:02 Guard Tower
26:03 Guard Tower
26:03 Guard Tower
26:03 Guard Tower
26:04 Guard Tower
26:04 Guard Tower
26:05 Guard Tower
26:05 Guard Tower
26:34 Guard Tower
26:34 Guard Tower
26:34 Guard Tower
26:37 Guard Tower
26:37 Guard Tower
34:26 Town Hall
34:32 Town Hall
» items
| Scroll of Regeneration | 12 | |
| Lesser Clarity Potion | 3 | |
| Mechanical Critter | 2 | |
| Periapt of Vitality | 1 | |
| Scroll of Protection | 1 | |
| Scroll of Town Portal | 2 | |
| Staff of Sanctuary | 1 | |
| Potion of Healing | 1 | |
23 total

»
iron (
orange | 57 APM | 1703 actions | 29:38)
3 Mountain King
2 Storm Bolt
1 Bash
» actions
| Assign group hotkey | 586 | |
| Basic commands | 75 | |
| Build / train | 50 | |
| Enter build submenu | 22 | |
| Enter hero's abilities submenu | 3 | |
| Give item / drop item | 1 | |
| Right click | 469 | |
| Select / deselect | 163 | |
| Select group hotkey | 254 | |
| Use ability | 80 | |
1703 total
» units
| Peasant | 14 | |
| Mortar Team | 8 | |
| Flying Machine | 4 | |
26 total
» upgrades
| Masonry | 2 | |
| Lumber Harvesting | 1 | |
| Gunpowder | 2 | |
| Flare | 1 | |
| Flying Machine Bombs | 1 | |
| Flak Cannons | 1 | |
| Fragmentation Shards | 1 | |
9 total
» buildings
| Scout Tower | 5 | |
| Farm | 14 | |
| Altar of Kings | 1 | |
| Arcane Tower | 3 | |
| Lumber Mill | 1 | |
| Guard Tower | 1 | |
| Keep | 1 | |
| Town Hall | 1 | |
| Blacksmith | 1 | |
| Workshop | 3 | |
| Castle | 1 | |
| Arcane Vault | 1 | |
33 total
» build order
00:26 Scout Tower
00:51 Farm
00:57 Altar of Kings
01:00 Arcane Tower
01:15 Farm
02:02 Scout Tower
02:42 Arcane Tower
02:48 Farm
02:50 Farm
03:01 Lumber Mill
03:24 Scout Tower
03:29 Scout Tower
04:12 Guard Tower
04:48 Keep
06:17 Town Hall
06:26 Scout Tower
06:52 Blacksmith
07:21 Workshop
07:23 Workshop
07:25 Workshop
07:46 Farm
07:46 Farm
07:59 Arcane Tower
10:14 Castle
12:16 Farm
12:16 Farm
12:17 Farm
12:20 Farm
12:21 Farm
12:21 Farm
12:22 Farm
12:32 Arcane Vault
28:00 Farm
» items
| Scroll of Town Portal | 1 | |
| Potion of Healing | 2 | |
| Orb of Fire | 1 | |
| Potion of Mana | 1 | |
5 total
Hubertus (
red | 51 APM | 1502 actions | 29:37)
6 Keeper of the Grove
2 Force of Nature
3 Thorns Aura
1 Tranquility
» actions
| Assign group hotkey | 23 | |
| Basic commands | 2 | |
| Build / train | 62 | |
| Enter build submenu | 30 | |
| Enter hero's abilities submenu | 6 | |
| Give item / drop item | 4 | |
| Remove unit from queue | 1 | |
| Right click | 1012 | |
| Select / deselect | 279 | |
| Select group hotkey | 35 | |
| Use ability | 47 | |
1502 total
» units
» upgrades
| Strength of the Wild | 3 | |
| Reinforced Hides | 3 | |
| Abolish Magic | 1 | |
7 total
» buildings
| Moon Well | 8 | |
| Altar of Elders | 2 | |
| Ancient of War | 1 | |
| Tree of Ages | 1 | |
| Hunter's Hall | 1 | |
| Ancient of Lore | 6 | |
| Ancient of Wonders | 1 | |
| Ancient Protector | 3 | |
| Tree of Eternity | 1 | |
| Tree of Life | 2 | |
26 total
» build order
00:30 Moon Well
00:36 Altar of Elders
00:53 Ancient of War
01:41 Moon Well
02:10 Moon Well
02:48 Tree of Ages
03:40 Hunter's Hall
03:44 Moon Well
04:44 Moon Well
05:49 Ancient of Lore
05:52 Ancient of Lore
05:58 Ancient of Lore
06:51 Ancient of Wonders
11:52 Moon Well
12:10 Moon Well
13:04 Ancient Protector
13:07 Ancient Protector
13:17 Ancient Protector
17:44 Tree of Eternity
20:30 Ancient of Lore
20:36 Ancient of Lore
20:46 Ancient of Lore
24:09 Tree of Life
25:11 Tree of Life
25:20 Moon Well
26:32 Altar of Elders
» items
| Scroll of Town Portal | 1 | |
| Potion of Healing | 2 | |
3 total
team 2 (loser)

»
ii-liam-ii (
blue | 53 APM | 1930 actions | 36:33)
6 Blademaster
3 Wind Walk
2 Critical Strike
1 Bladestorm
4 Shadow Hunter
2 Healing Wave
1 Hex
1 Serpent Ward
» actions
| Build / train | 114 | |
| Enter build submenu | 25 | |
| Enter hero's abilities submenu | 10 | |
| Give item / drop item | 1 | |
| Remove unit from queue | 4 | |
| Right click | 1068 | |
| Select / deselect | 587 | |
| Use ability | 121 | |
1930 total
» units
| Peon | 17 | |
| Grunt | 14 | |
| Kodo Beast | 5 | |
| Shaman | 4 | |
| Raider | 3 | |
| Troll Headhunter/Berserker | 16 | |
| Troll Witch Doctor | 6 | |
| Draenei Darkslayer | 1 | |
| Voidwalker | 1 | |
| Draenei Disciple | 1 | |
| Fel Beast | 1 | |
| Troll Batrider | 1 | |
| Wind Rider | 8 | |
| Spirit Walker | 1 | |
79 total
» upgrades
| Armor | 1 | |
| Melee Weapons | 1 | |
| Shaman Training | 2 | |
| Witch Doctor Training | 2 | |
| Ensnare | 1 | |
| Berserker Upgrade | 1 | |
| Troll Regeneration | 1 | |
| Ranged Weapons | 1 | |
10 total
» buildings
| Orc Burrow | 8 | |
| Altar of Storms | 1 | |
| Barracks | 2 | |
| Voodoo Lounge | 1 | |
| War Mill | 1 | |
| Watch Tower | 6 | |
| Great Hall | 1 | |
| Stronghold | 1 | |
| Fortress | 1 | |
| Spirit Lodge | 2 | |
| Beastiary | 1 | |
25 total
» build order
00:34 Orc Burrow
00:45 Altar of Storms
01:01 Barracks
01:36 Voodoo Lounge
02:23 Orc Burrow
02:33 Orc Burrow
02:54 War Mill
04:12 Watch Tower
05:37 Great Hall
05:51 Watch Tower
06:27 Watch Tower
06:51 Stronghold
07:08 Orc Burrow
07:56 Watch Tower
08:00 Watch Tower
09:30 Fortress
09:32 Spirit Lodge
09:34 Spirit Lodge
09:51 Watch Tower
10:14 Beastiary
12:40 Barracks
12:47 Orc Burrow
14:49 Orc Burrow
16:27 Orc Burrow
17:06 Orc Burrow
» items
| Healing Salve | 2 | |
| Scroll of Speed | 1 | |
| Scroll of Town Portal | 3 | |
| Scroll of Regeneration | 1 | |
7 total
FoSho (
teal | 51 APM | 2343 actions | 45:51)
8 Archmage
3 Summon Water Elemental
3 Brilliance Aura
1 Mass Teleport
1 Blizzard
» actions
| Assign group hotkey | 60 | |
| Basic commands | 250 | |
| Build / train | 96 | |
| Enter build submenu | 42 | |
| Enter hero's abilities submenu | 8 | |
| Give item / drop item | 3 | |
| Remove unit from queue | 4 | |
| Right click | 658 | |
| Select / deselect | 521 | |
| Select group hotkey | 530 | |
| Use ability | 171 | |
2343 total
» units
| Peasant | 12 | |
| Footman | 4 | |
| Goblin Shredder | 1 | |
| Gryphon Rider | 6 | |
| Goblin Sapper | 6 | |
| Knight | 6 | |
| Priest | 3 | |
| Dragonhawk Rider | 9 | |
47 total
» upgrades
| Masonry | 3 | |
| Swords | 3 | |
| Armor | 3 | |
| Animal War Training | 1 | |
| Storm Hammers | 1 | |
| Priest Training | 2 | |
| Magic Sentry | 1 | |
| Cloud | 1 | |
| Gunpowder | 1 | |
| Plating | 1 | |
17 total
» buildings
| Altar of Kings | 1 | |
| Barracks | 4 | |
| Farm | 5 | |
| Lumber Mill | 1 | |
| Keep | 1 | |
| Arcane Vault | 1 | |
| Town Hall | 1 | |
| Scout Tower | 16 | |
| Guard Tower | -1 | |
| Castle | 1 | |
| Gryphon Aviary | 4 | |
| Blacksmith | 2 | |
| Arcane Sanctum | 3 | |
| Workshop | 4 | |
43 total
» build order
00:49 Altar of Kings
00:52 Barracks
00:54 Farm
00:55 Farm
01:06 Farm
01:36 Farm
03:15 Lumber Mill
04:11 Keep
04:19 Arcane Vault
04:30 Town Hall
04:32 Scout Tower
04:33 Scout Tower
04:34 Scout Tower
04:34 Scout Tower
05:25 Guard Tower
07:54 Castle
08:45 Scout Tower
08:45 Scout Tower
08:46 Scout Tower
08:46 Scout Tower
08:47 Scout Tower
09:27 Gryphon Aviary
09:28 Gryphon Aviary
09:29 Gryphon Aviary
09:30 Gryphon Aviary
09:35 Blacksmith
10:13 Blacksmith
10:20 Farm
10:36 Guard Tower
13:16 Scout Tower
13:18 Scout Tower
13:19 Scout Tower
13:19 Scout Tower
13:20 Scout Tower
15:17 Barracks
15:17 Barracks
15:18 Barracks
15:21 Arcane Sanctum
15:23 Arcane Sanctum
15:33 Arcane Sanctum
15:45 Guard Tower
21:43 Workshop
21:44 Workshop
21:44 Workshop
» items
| Healing Salve | 1 | |
| Scroll of Regeneration | 5 | |
| Mechanical Critter | 6 | |
| Scroll of Town Portal | 3 | |
| Potion of Healing | 2 | |
| Lesser Clarity Potion | 1 | |
18 total
TONY-DANZA- (
purple | 46 APM | 2126 actions | 45:51)
7 Blademaster
3 Wind Walk
3 Critical Strike
1 Bladestorm
» actions
| Assign group hotkey | 22 | |
| Basic commands | 157 | |
| Build / train | 64 | |
| Enter build submenu | 27 | |
| Enter hero's abilities submenu | 7 | |
| Give item / drop item | 4 | |
| Right click | 845 | |
| Select / deselect | 266 | |
| Select group hotkey | 639 | |
| Use ability | 95 | |
2126 total
» units
| Peon | 15 | |
| Wind Rider | 10 | |
| Goblin Shredder | 1 | |
| Goblin Zeppelin | 1 | |
| Goblin Sapper | 6 | |
33 total
» upgrades
| Reinforced Defenses | 1 | |
| Envenomed Spears | 1 | |
| Ranged Weapons | 2 | |
| Armor | 2 | |
6 total
» buildings
| Altar of Storms | 1 | |
| Orc Burrow | 7 | |
| War Mill | 2 | |
| Voodoo Lounge | 1 | |
| Watch Tower | 22 | |
| Stronghold | 2 | |
| Great Hall | 3 | |
| Fortress | 1 | |
| Beastiary | 4 | |
43 total
» build order
00:09 Altar of Storms
00:23 Orc Burrow
00:40 War Mill
01:32 Voodoo Lounge
02:05 Watch Tower
02:12 Watch Tower
02:12 Watch Tower
02:29 Watch Tower
03:20 Stronghold
03:42 Orc Burrow
03:55 Orc Burrow
04:20 Watch Tower
04:26 Orc Burrow
05:33 Great Hall
07:15 Great Hall
07:18 Watch Tower
07:18 Watch Tower
07:18 Watch Tower
07:29 Fortress
08:13 Beastiary
08:27 Watch Tower
08:28 Watch Tower
08:28 Watch Tower
08:43 Beastiary
12:30 Watch Tower
12:31 Watch Tower
12:31 Watch Tower
13:12 War Mill
15:47 Beastiary
15:49 Orc Burrow
15:50 Orc Burrow
16:38 Beastiary
16:46 Orc Burrow
21:38 Watch Tower
21:38 Watch Tower
21:39 Watch Tower
23:35 Watch Tower
23:36 Watch Tower
23:36 Watch Tower
26:33 Great Hall
27:07 Watch Tower
27:08 Watch Tower
» items
| Healing Salve | 2 | |
| Lesser Clarity Potion | 2 | |
| Staff of Teleportation | 1 | |
| Boots of Speed | 1 | |
| Potion of Lesser Invulnerability | 1 | |
| Tiny Great Hall | 1 | |
| Potion of Mana | 1 | |
| Scroll of Town Portal | 2 | |
| Orb of Lightning | 1 | |
12 total

»
DarkMen (
green | 26 APM | 1177 actions | 45:51)
4 Paladin
2 Holy Light
1 Divine Shield
1 Devotion Aura
3 Mountain King
1 Storm Bolt
1 Bash
1 Thunder Clap
1 Blood Mage
1 Flame Strike
» actions
| Basic commands | 3 | |
| Build / train | 108 | |
| Enter build submenu | 29 | |
| Enter hero's abilities submenu | 9 | |
| Give item / drop item | 3 | |
| Right click | 548 | |
| Select / deselect | 400 | |
| Use ability | 77 | |
1177 total
» units
| Peasant | 57 | |
| Footman | 3 | |
| Rifleman | 2 | |
| Priest | 5 | |
| Knight | 2 | |
| Gryphon Rider | 6 | |
| Dragonhawk Rider | 3 | |
78 total
» upgrades
| Defend | 1 | |
| Lumber Harvesting | 2 | |
| Masonry | 1 | |
| Priest Training | 1 | |
| Animal War Training | 1 | |
| Storm Hammers | 1 | |
| Cloud | 1 | |
| Barrage | 1 | |
9 total
» buildings
| Altar of Kings | 1 | |
| Farm | 12 | |
| Barracks | 2 | |
| Lumber Mill | 2 | |
| Blacksmith | 1 | |
| Keep | 1 | |
| Arcane Vault | 1 | |
| Town Hall | 2 | |
| Arcane Sanctum | 1 | |
| Castle | 1 | |
| Gryphon Aviary | 2 | |
| Workshop | 2 | |
28 total
» build order
00:11 Altar of Kings
00:21 Farm
00:57 Barracks
01:06 Farm
01:32 Lumber Mill
01:46 Farm
02:35 Blacksmith
02:47 Farm
04:00 Farm
04:02 Keep
04:24 Arcane Vault
04:45 Barracks
05:32 Town Hall
06:23 Farm
06:53 Arcane Sanctum
06:58 Castle
07:46 Farm
10:31 Farm
10:35 Farm
11:25 Gryphon Aviary
12:16 Town Hall
13:06 Gryphon Aviary
13:12 Farm
24:13 Farm
25:13 Farm
25:47 Workshop
26:18 Lumber Mill
27:11 Workshop
» items
| Scroll of Town Portal | 4 | |
| Orb of Lightning | 2 | |
| Orb of Fire | 2 | |
8 total
Chat log
(00:06 / Allies) iron: just so u know
(00:09 / Allies) iron: purple map hacks
(00:13 / Allies) iron: hes going bats and a bm
(00:22 / Allies) Hubertus: iron you allways talk shit
(00:31 / Allies) s4s: you played him before?
(00:32 / Allies) iron: casue i can
(00:34 / Allies) s4s: purp?\
(00:40 / Allies) Hubertus: yes purp
(00:41 / Allies) iron: i know him persoanlly
(00:48 / Allies) Hubertus: :D
(01:47 / Allies) iron: hes my cousin
(01:48 / All) TONY-DANZA-: ok
(01:49 / Allies) Hubertus: im going mass drayds, bears if needed
(01:51 / Allies) iron: see
(01:54 / Allies) iron: he said ok to all
(01:55 / All) iron: LMAO
(02:01 / All) Hubertus: IM GOING TO TECH TO CHIMS REAL QUICK
(02:09 / Allies) iron: u are aalready a aow
(02:12 / Allies) iron: so u arent quick
(02:16 / Allies) iron: how do u suck every game red?
(02:22 / Allies) Hubertus: lol
(02:25 / Allies) iron: i just told u HE GOES FUCKIN BATS!!!
(02:26 / Allies) Hubertus: i had the 2nd best score last game
(02:28 / Allies) iron: and u goin chims?
(02:33 / Allies) Hubertus: that was a joke
(02:36 / Allies) Hubertus: im doing drayds
(02:37 / Allies) iron: so u validating my point
(02:39 / Allies) Hubertus: lol
(06:39 / Allies) iron: shop red?
(06:52 / Allies) Hubertus: comoing
(07:00 / Allies) iron: wanted to buy stone
(07:10 / Allies) Hubertus: wood plz
(07:29 / All) iron: green wtf
(07:47 / All) s4s: green is a moron brazilian who tks even if you take a +1 prot aura item from him
(08:04 / All) FoSho: he has less than 90 IQ
(08:10 / Allies) iron: upgrade the towers wtf
(08:13 / All) iron: another genous
(08:15 / All) FoSho: no doubt about it
(08:18 / All) iron: makes towers and doesnt upgrade
(08:19 / All) s4s: I forgot lumbe mill orange
(08:20 / All) s4s: stfu
(08:32 / All) s4s: as if you've neve done that
(08:44 / All) iron: u are makin avirays
(08:46 / Allies) Hubertus: chase them
(08:48 / All) iron: u need a mill
(08:52 / All) s4s: stfu
(08:53 / All) iron: so it means u had a mill
(08:54 / All) s4s: I have a mill now
(08:55 / All) s4s: no
(08:57 / All) s4s: it just finished
(09:00 / All) s4s: you god damned fucking retad
(09:02 / All) s4s: retard
(09:05 / All) s4s: it just finished
(09:09 / All) s4s: jesus christ
(11:23 / All) s4s: Green is a dumb spic and orange is a dumb bitch
(11:27 / Allies) iron: u haev another orc dont u?
(12:08 / Allies) iron: u gusy need to gather and end it
(12:10 / Allies) iron: we won
(12:16 / Allies) Hubertus: im just going to heal real fast
(12:18 / Allies) Hubertus: and im coming
(12:46 / All) iron: lmao knoghst vs gryphs
(13:09 / All) s4s: Green is a retard, dumber than even you orange
(13:17 / Allies) iron: go get mains end ga,me
(13:30 / All) iron: must be it
(13:37 / All) TONY-DANZA-: orange show me u werent lieing, kill ur own hall now
(13:47 / All) iron: u know it bro
(14:04 / All) s4s: call to arms LOL
(14:09 / All) iron: we lost im not playuign anymore
(14:10 / All) s4s: retarded hue monkey
(14:12 / All) iron: mno need bro
(14:22 / All) iron: u made it where im tking pink
(14:29 / Allies) iron: sorry red
(14:30 / All) s4s: I'm tking you first
(14:50 / All) iron: u had a mill all game
(14:54 / All) iron: but he just doesnt upgrade
(15:00 / All) iron: so its gg
(15:06 / All) s4s: no
(15:13 / All) iron: later purple
(15:17 / All) s4s: It finished when I started my aviaries
(15:19 / All) TONY-DANZA-: nigger liar
(15:21 / All) s4s: just before I started them
(15:23 / All) s4s: \
(15:24 / All) iron: 4 bats kills the air bro
(15:35 / All) TONY-DANZA-: i dont have mh retard i didnt know u had copters
(15:53 / Allies) Hubertus: coming guys sec
(16:07 / Allies) Hubertus: need my hero
(16:19 / All) s4s: Orange is a retard tk
(16:25 / All) s4s: and green a retard tk for no reason to
(16:28 / All) iron: dude im going to eat
(16:31 / All) iron: enjoy the loss pink
(16:33 / All) s4s: lol
(16:34 / Allies) Hubertus: orange dont leave
(16:35 / All) iron: sorry red
(16:35 / Allies) Hubertus: man
(16:38 / Allies) iron: nah im out dude
(16:40 / Allies) Hubertus: we need ot kill them
(16:42 / Allies) Hubertus: we got this
(16:42 / All) s4s: I actually for real have friends on the enemy team
(16:46 / All) s4s: you don't
(16:50 / All) s4s: prretender bitch lol
(16:57 / Allies) s4s: I can win every game I want to
(17:01 / All) iron: lol so now the truth is out
(17:01 / Allies) s4s: I have 2 friends on the enemy team
(17:04 / Allies) s4s: I have all the power
(17:06 / All) iron: pinsk throwing the game hahahahha
(17:08 / All) iron: i knew it
(17:11 / All) iron: ;l,manp
(17:13 / All) TONY-DANZA-: he aint throwing it lol
(17:15 / All) s4s: I'm not looking for wins, I'm 0-0
(17:25 / Allies) iron: see red this is why i dont bothe r playing anymore
(17:28 / Allies) s4s: lol
(17:36 / Allies) Hubertus: yellow
(17:37 / Allies) Hubertus: comeon
(18:07 / All) FoSho: move
(18:09 / Allies) Hubertus: pink comeon
(18:15 / All) FoSho: move
(18:23 / Allies) Hubertus: lets go get them
(18:26 / Allies) Hubertus: comon
(18:46 / All) TONY-DANZA-: take off ally color retard
(19:02 / All) s4s: Green is free XP
(19:49 / All) s4s: LOL
(19:51 / Allies) Hubertus: pink gold me
(19:52 / All) s4s: idiot
(20:05 / Allies) s4s: hell no only got 2k
(20:31 / All) TONY-DANZA-: im done talking to u orange. ally colors players need to die immediately
(20:51 / All) s4s: orange still talking? lol
(20:53 / Allies) Hubertus: ok lets go
(20:54 / Allies) s4s: not really afk of course
(20:56 / Allies) Hubertus: pink gold me
(20:58 / Allies) s4s: they never are wen we tk
(21:03 / Allies) s4s: I said no, red
(21:05 / Allies) Hubertus: meet
(22:12 / All) FoSho: GOD WILLS IT
(22:17 / Allies) Hubertus: yellow
(22:17 / Allies) Hubertus: come
(22:21 / All) FoSho: GOTT MIT UNS
(22:23 / All) TONY-DANZA-: just stop orange lol
(22:31 / All) TONY-DANZA-: idc, u killed my hall for a lame excuse
(22:51 / Allies) Hubertus: back
(22:53 / Allies) Hubertus: yellow
(23:02 / All) FoSho: FOR THE GLORY OF CHRIST THE REDEEMER!
(23:36 / All) FoSho: FOR CHRIST
(23:39 / All) FoSho: DEUS VULT
(23:40 / All) FoSho: GOD WILLS IT
(23:43 / Allies) Hubertus: pink
(23:45 / Allies) Hubertus: u have 6k gold
(23:46 / Allies) Hubertus: wtf man
(23:58 / Allies) s4s: stfu]
(24:08 / Allies) s4s: it's in the mines if you want it noob
(24:13 / All) iron: pink and teal are working together
(24:17 / Allies) Hubertus: ??
(24:18 / All) iron: they do thisd routine alot
(24:24 / All) iron: theya re in the same room togther
(24:31 / All) iron: watchign teh game son side by side comps
(24:33 / All) s4s: lol
(24:38 / All) iron: its why they are jumpin all game
(24:42 / All) Hubertus: PINK STOP BEING A NOOB AND SHARE THE GOLD
(24:46 / All) Hubertus: YOU HAVENT MADE UNITS ALL GAME
(24:47 / All) iron: and they will kill each allied member
(24:48 / All) iron: watch
(24:59 / All) s4s: I have had 50 food all game, red
(25:10 / All) iron: why u think pink wont make 100 food
(25:15 / All) iron: even with 6000 gold
(25:19 / All) ii-liam-ii: 9k
(25:20 / All) iron: or mass telee to enbemy bases
(25:24 / All) iron: its a setup
(25:33 / All) iron: hes gonna tk along with teal watch dude
(25:47 / Allies) Hubertus: come
(26:02 / Allies) Hubertus: yellow!
(26:09 / Allies) s4s: yellow
(26:38 / Allies) Hubertus: 10k gold
(26:49 / Allies) s4s: I know, what a pittance
(27:23 / Allies) Hubertus: pink
(27:27 / Allies) Hubertus: letme get the mine at least
(27:29 / Allies) s4s: stop whining, whine
(27:41 / Allies) s4s: Nothing but cold hard steel for you, SCUM!
(28:00 / All) Hubertus: WTF
(28:16 / All) s4s: Red begs for my gold and criticises constantly
(28:26 / All) s4s: and shows no respect for his superiors
(28:29 / All) Hubertus: YOU ARE SUCH A LITTLE KID
(28:38 / All) Hubertus: LET ME GUESS 12?
(28:41 / All) Hubertus: 13?
(28:51 / All) s4s: I'm 8 years old
(28:57 / All) s4s: Just got this gmae for my bday
(29:00 / All) FoSho: DEUS VULT
(29:04 / All) s4s: how old are you red
(29:08 / All) Hubertus: OK IM OUT DONE PLAYING WITH LITTLE KIDS
(29:10 / All) s4s: what are you, some kind of grandpa
(29:15 / All) iron: its ok seen pinka nd teal for years
(29:18 / All) FoSho: I 11 YEAR OLD
(29:24 / All) iron: they have one dude kilsl his team as pink did
(29:25 / All) FoSho: MY AUNT BUYED ME THIS GAME FOR CHRISTMAS
(29:27 / All) Hubertus: IRON FRIEND ME IM OUT
(29:32 / All) iron: and the other must be the dominant makle
(29:36 / All) iron: later man
(29:54 / All) s4s: Bad luck for you guys
(30:09 / All) s4s: Time to lose, green and blue
(30:41 / All) TONY-DANZA-: green just tked me lol
(30:49 / All) s4s: he's a retarded noob
(30:51 / All) FoSho: green tking me
(30:54 / All) s4s: dumb brazilian hue
(31:04 / All) s4s: he thinks the game is over
(31:08 / All) s4s: so it's time to tk LOL
(31:14 / All) TONY-DANZA-: dumb spic
(31:23 / All) FoSho: TRAITOR
(31:29 / All) FoSho: YOU BETRAYED THE CHURCH
(31:35 / All) FoSho: THE TRUE CHURCH
(31:40 / All) FoSho: FOR THE ABOMINATION THAT IS ISLAM
(31:42 / All) FoSho: TRAITOR
(31:42 / All) TONY-DANZA-: my expo now bitch green
(31:51 / All) TONY-DANZA-: guess we know teal won standoff last game
(31:57 / All) s4s: wow yellow has a level 9 warden and he had no idea how to use it
(32:15 / All) TONY-DANZA-: just leave green
(32:18 / All) TONY-DANZA-: america #1
(32:22 / All) TONY-DANZA-: trump wall > spic
(32:50 / All) FoSho: FOR THE TRUE POTUS DONALD TRUMP!
(32:50 / All) s4s: we need a digital trump wall
(32:53 / All) s4s: to keep the hues away
(33:41 / All) s4s: rraped lol
(33:55 / All) s4s: makes me want to play noob elf
(34:24 / All) TONY-DANZA-: orange said he accidentally killed my expo cuz he had ally colors on, he claimed to be working with me
(34:50 / All) s4s: lol
(35:04 / All) s4s: I'm gonna play elf next game
(35:12 / All) FoSho: Don'
(35:19 / All) FoSho: If you have to TK your team
(35:21 / All) TONY-DANZA-: with our luck it'll put u on one man side again
(35:25 / All) FoSho: you'll be at disadvantage
(35:38 / All) s4s: we rarely ever have close games
(35:44 / All) s4s: and it's fun to go elf or undead once in a while
(35:47 / All) TONY-DANZA-: green tked us blue, and u were working with him secretly
(36:08 / All) TONY-DANZA-: i just said
(36:09 / All) TONY-DANZA-: man
(36:11 / All) TONY-DANZA-: death by association
(36:12 / All) s4s: gonna get another drink while I wait for you two to finish this game up\
(36:18 / All) TONY-DANZA-: green = tker , blue = tker
(38:11 / All) TONY-DANZA-: gay
(39:25 / All) FoSho: alt tabbin
(43:02 / All) s4s: this hue is staying to the bitter end